 Seeded DCSS version 0.27-a0-95-g5a9077b8ae (webtiles) character file.

Game seed: 5125158891462947277 (custom seed)

91 tacoguy the Shield-Bearer (level 4, -2/41 HPs)
             Began as a Minotaur Fighter on Jan 19, 2021.
             Was a Believer of Lugonu.
             Slain by an orc wizard
             ... wielding a +0 dagger
              (3 damage)
             ... on level 3 of the Dungeon.
             The game lasted 00:03:23 (1924 turns).

tacoguy the Shield-Bearer (Minotaur Fighter)        Turns: 1924, Time: 00:03:23

Health: -2/41      AC:  7    Str: 21    XL:     4   Next: 33%
Magic:  3/3        EV:  8    Int:  5    God:    Lugonu [**....]
Gold:   235        SH:  9    Dex: 10    Spells: 3/3 levels left

rFire    . . .     SeeInvis .   a - +0 war axe
rCold    . . .     Faith    .   c - +0 kite shield
rNeg     . . .     Spirit   .   b - +0 scale mail
rPois    .         Reflect  .   (helmet restricted)
rElec    .         Harm     .   (no cloak)
rCorr    .         Rampage  .   (no gloves)
Will     .....                  (no boots)
Stlth    ..........             (no amulet)
HPRegen  0.13/turn              (no ring)
MPRegen  0.08/turn              (no ring)

@: no status effects
A: retaliatory headbutt, horns 2
a: Renounce Religion, Depart the Abyss, Bend Space


You were on level 3 of the Dungeon.
You worshipped Lugonu.
Lugonu was pleased with you.
You visited 1 branch of the dungeon, and saw 3 of its levels.

You collected 235 gold pieces.

Inventory:

Hand Weapons
 a - a +0 war axe (weapon)
Armour
 b - a +0 scale mail (worn)
 c - a +0 kite shield (worn)
Scrolls
 e - a scroll of magic mapping {unknown}
 f - a scroll of identify {unknown}
 g - a scroll of enchant armour {unknown}
 i - a scroll of random uselessness {unknown}
 j - 2 scrolls of remove curse {unknown}
Potions
 d - a potion of might
 h - a potion of mutation {unknown}
 k - a potion of haste {unknown}
 l - a potion of berserk rage {unknown}


   Skills:
 * Level 4.4 Fighting
 + Level 2.9 Axes
 * Level 4.1 Armour
 * Level 1.5 Dodging
 * Level 4.5 Shields


You had 3 spell levels left.
You didn't know any spells.
Your spell library was empty.

Dungeon Overview and Level Annotations

Branches:
Dungeon (3/15)

Altars:
Vehumet
Lugonu


Innate Abilities, Weirdness & Mutations

You reflexively headbutt those who attack you in melee.
You have a pair of horns on your head.


Message History

You block the orc wizard's attack. The orc wizard barely misses you.
You furiously retaliate!
You headbutt the orc wizard, but do no damage.
You block the orc wizard's attack.
The orc wizard hits you but does no damage.
The orc wizard hits you but does no damage.
You block the orc wizard's attack.
The orc wizard hits you but does no damage.
The orc wizard hits you with a +0 dagger.
* * * LOW HITPOINT WARNING * * *
The orc wizard hits you but does no damage.
You block the orc wizard's attack.
The orc wizard is no longer moving quickly.
The orc wizard barely misses you. You block the orc wizard's attack.
The orc wizard hits you but does no damage.
You feel yourself speed up. The orc wizard barely misses you.
You furiously retaliate!
You headbutt the orc wizard, but do no damage.
The orc wizard hits you with a +0 dagger.
You die...

#....#.....#####..
#......>.........
#................
#....#...........
.#####.#...........
...................
...................
.##.#####..........
# #..@o..#####
......)))......
#.#####..!.###.
#...... .........
......... #.#.####.
#....


You could see an orc wizard.

Vanquished Creatures
  An orc wizard (D:3)
  2 adders (D:2)
  2 leopard geckos (D:1)
  3 orcs (D:3)
  A giant cockroach (D:2)
  7 goblins
  5 hobgoblins
  7 kobolds
  A quokka (D:2)
  A ball python (D:3)
  2 bats (D:1)
  3 frilled lizards (D:1)
  2 rats
  2 toadstools (D:1)
39 creatures vanquished.

Vanquished Creatures (others)
  3 fungi (D:1)
  3 toadstools (D:1)
6 creatures vanquished.

Grand Total: 45 creatures vanquished

Notes
Turn   | Place    | Note
-------+----------+-------------------------------------------
     0 | D:1      | tacoguy the Minotaur Fighter began the quest for the Orb.
     0 | D:1      | Reached XP level 1. HP: 19/19 MP: 0/0
   380 | D:1      | Reached XP level 2. HP: 21/27 MP: 1/1
   824 | D:2      | Noticed an ogre
   838 | D:2      | Reached XP level 3. HP: 26/33 MP: 2/2
   970 | D:2      | Reached skill level 1 in Dodging
  1060 | D:2      | Found a faded altar of an unknown god.
  1117 | D:2      | Became a worshipper of Lugonu the Unformed
  1117 | D:2      | Reached * piety under Lugonu
  1117 | D:2      | Reached ** piety under Lugonu
  1742 | D:3      | Found a radiant altar of Vehumet.
  1880 | D:3      | Reached XP level 4. HP: 27/41 MP: 3/3
  1912 | D:3      | HP: 2/41 [orc wizard/+0 dagger (4)]
  1920 | D:3      | HP: 1/41 [orc wizard/+0 dagger (3)]
  1924 | D:3      | Slain by an orc wizard

Illustrated notes

Levels and vault maps discovered:
D:1:      dpeg_arrival_pits, layout_rooms, minmay_misc_feat_secret_circle,
          minmay_gold_behind_fungi, minmay_surrounded
D:2:      layout_basic, chequers_ecumenical_altar_island, lightli_corner_chamber
D:3:      layout_basic, zin_academy, vehumet_crystals, bh_walls_and_bars

Skill      XL: |  1  2  3 |
---------------+----------+-----
Fighting       | 4 |  4.4
Shields        | 4 |  4.5
Dodging        | 1 |  1.5
Armour         | 4 |  4.1
Axes           | |  2.9

Action                   |  1- 3 |  4- 6 || total
-------------------------+-------+-------++-------
Melee: War axe           |    49 |       ||    49
       Headbutt          |     6 |       ||     6
Armor: Scale mail        |    83 |    10 ||    93
Dodge: Dodged            |    76 |     7 ||    83
Block: Kite shield       |   114 |    12 ||   126

Table legend: (Time is in decaauts)
 A = Elapsed time spent in this place.
 B = Non-inter-level travel time spent in this place.
 C = Inter-level travel time spent in this place.
 D = Time resting spent in this place.
 E = Time spent auto-exploring this place.
 F = Levels seen in this place.
 G = Mean time per level.
                   A        B        C        D        E       F      G
               +--------+--------+--------+--------+--------+-----+--------+
         Total |   1981 |   1865 |    116 |      0 |   1302 |   3 |  660.3 |
       Dungeon |   1981 |   1865 |    116 |      0 |   1302 |   3 |  660.3 |
               +--------+--------+--------+--------+--------+-----+--------+

Top non-repeatable levels by time:
     D:2: 950 daAuts
     D:1: 696 daAuts
     D:3: 334 daAuts
